 Dungeon Crawl Stone Soup version 0.29.0-15-g675c0067aa (webtiles) character file.

Game seed: 13738287783857441207

49 AttackTheMoon the Magician (level 3, 0/26 HPs)
             Began as a Demonspawn Hedge Wizard on Sept 11, 2022.
             Was a Believer of Uskayaw.
             Succumbed to an adder's poison
             ... on level 2 of the Dungeon.
             The game lasted 00:02:11 (1917 turns).

AttackTheMoon the Magician (DsHW)                   Turns: 1917, Time: 00:02:11

Health: 0/26       AC:  2    Str: 10    XL:     3   Next: 51%
Magic:  7/7        EV: 12    Int: 17    God:    Uskayaw [**....]
Gold:   21         SH:  0    Dex: 12    Spells: 7/8 levels left

rFire   . . .      SeeInvis .   g - +2 dagger (drain)
rCold   . . .      Faith    .   k - orb {mayhem}
rNeg    . . .      Spirit   .   b - +0 robe
rPois   .          Reflect  .   c - +0 hat
rElec   .          Harm     .   (no cloak)
rCorr   .          Rampage  .   (no gloves)
Will    .....                   (no boots)
Stlth   ++........              (no amulet)
HPRegen 0.08/turn               (no ring)
MPRegen 0.10/turn               (no ring)

@: lethally poisoned (0 -> -2)
A: demonic guardian 1, demonic touch 1
a: Renounce Religion, Stomp, Line Pass


You were on level 2 of the Dungeon.
You worshipped Uskayaw.
Uskayaw was noncommittal.
You visited 1 branch of the dungeon, and saw 2 of its levels.

You collected 21 gold pieces.

Inventory:

Hand Weapons
 a - a +0 dagger
 g - a +2 dagger of draining (weapon)
Armour
 b - a +0 robe (worn)
 c - a +0 hat (worn)
 k - an orb of mayhem (worn)
Scrolls
 j - a scroll of amnesia
Potions
 d - a potion of magic
 e - a potion of curing {unknown}
 f - 2 potions of lignification {unknown}
 h - a potion of mutation {unknown}


   Skills:
 + Level 1.6 Fighting
 - Level 1.7 Dodging
 - Level 1.7 Stealth
 + Level 3.4 Spellcasting
 + Level 2.0 Conjurations
 - Level 1.1 Summonings
 - Level 1.0 Translocations


You had 7 spell levels left.
You knew the following spells:

 Your Spells              Type           Power      Damage    Failure   Level
a - Magic Dart            Conj           36%        1d4       7%          1

Your spell library contained the following spells:

 Spells                   Type           Power      Damage    Failure   Level
 Shock                    Conj/Air       24%        1d4       11%         1
 Call Imp                 Summ           6%         N/A       16%         2
 Slow                     Hex            8%         N/A       17%         1
 Blink                    Tloc           12%        N/A       17%         2
 Conjure Flame            Conj/Fire      6%         6-21      32%         3
 Mephitic Cloud           Conj/Pois/Air  5%         N/A       36%         3


Dungeon Overview and Level Annotations

Branches:
Dungeon (2/15)

Altars:
Uskayaw


Innate Abilities, Weirdness & Mutations

A weak demonic guardian rushes to your aid.
Your touch may inflict minor irresistible damage on your foes.


Message History

You feel sick.
You are no longer poisoned.
The adder closely misses you.
You hit the adder.
The adder is almost dead.
The adder bites you but does no damage. The adder bites you.
* * * LOW HITPOINT WARNING * * *
You are poisoned.
The adder poisons you!
You can now pass through a line of other dancers.
You closely miss the adder.
The adder is almost dead.
You feel sick. The adder bites you but does no damage.
You barely miss the adder.
The adder is almost dead.
You feel sick. The adder bites you but does no damage.
You closely miss the adder.
The adder is almost dead.
You feel sick.
You are no longer poisoned.
The adder bites you.
* * * LOW HITPOINT WARNING * * *
A demonic guardian appears!
You are lethally poisoned!
The adder poisons you! The adder misses you.
You closely miss the adder.
The adder is almost dead.
* * * LOW HITPOINT WARNING * * *
You feel sick. The adder closely misses you.
Your quasit bites the adder but does no damage.
Your quasit barely misses the adder.
Your quasit closely misses the adder.
You miss the adder.
The adder is severely wounded.
* * * LOW HITPOINT WARNING * * *
You feel sick. The adder closely misses you.
Your quasit closely misses the adder. x2
Your quasit claws the adder but does no damage.
You hit the adder.
You kill the adder!
You die...

#.....##.##.......####.
########.##..........#.
#.##.......##.#.
#.##............
###.##..........#.
#.......#.##.####.
#.#.....#.##.# ##
#######.#######.##.#
.......@........##.#
#######†##########.#
#5# #.# #.# #.##### #.#
#...... #.# ####### #.#
#..


You could see a friendly quasit (summoned).

Vanquished Creatures
  An adder (D:2)
  2 dart slugs (D:1)
  2 ball pythons
  6 bats
  3 endoplasms (D:1)
  3 giant cockroaches
  5 goblins
  3 hobgoblins
  3 jackals
  A quokka (D:2)
  A kobold (D:1)
  2 rats (D:1)
32 creatures vanquished.

Vanquished Creatures (collateral kills)
  A bat (D:1)
  A hobgoblin (D:1)
  3 jackals
  A rat (D:1)
6 creatures vanquished.

Grand Total: 38 creatures vanquished

Notes
Turn   | Place    | Note
-------+----------+-------------------------------------------
     0 | D:1      | AttackTheMoon the Demonspawn Hedge Wizard began the quest
                  | for the Orb.
     0 | D:1      | Reached XP level 1. HP: 13/13 MP: 4/4
    78 | D:1      | Reached skill level 1 in Translocations
   192 | D:1      | Gained mutation: A weak demonic guardian rushes to your
                  | aid. [demonic ancestry]
   192 | D:1      | Reached XP level 2. HP: 20/20 MP: 3/6
   334 | D:1      | Found a faded altar of an unknown god.
   347 | D:1      | Prayed at the altar of an unknown god.
   347 | D:1      | Became a worshipper of Uskayaw the Reveller
   347 | D:1      | Reached * piety under Uskayaw
   348 | D:1      | Got Plato's Quarto of Air
   360 | D:1      | Reached skill level 1 in Fighting
   402 | D:1      | Reached ** piety under Uskayaw
   846 | D:1      | Discovered your monstrous ancestry.
   846 | D:1      | Gained mutation: Your touch may inflict minor irresistible
                  | damage on your foes. [demonic ancestry]
   846 | D:1      | Reached XP level 3. HP: 18/26 MP: 7/7
  1916 | D:2      | HP: 1/26 [poisoned by an adder]
  1917 | D:2      | Succumbed to an adder's poison

Illustrated notes

Levels and vault maps discovered:
D:1:      spicycebolla_arrival_risky_transporter, layout_basic,
          shapermc_ecumenical_altar_rom_forum
D:2:      layout_basic

Skill      XL: |  1  2  3 |
---------------+----------+-----
Translocations | 1 |  1.0
Fighting       | 1 |  1.6
Conjurations   | 2 |  2.0
Dodging        | |  1.7
Stealth        | |  1.7
Spellcasting   | |  3.4
Summonings     | |  1.1

Action                   || total
-------------------------++-------
Melee: Dagger            ||    74
 Cast: Magic Dart        ||    32
  Use: Scroll            ||     5
 Stab: Held in net/web   ||     1
       Sleeping          ||     1
       Distracted        ||     2
Armor: Robe              ||    34
Dodge: Dodged            ||    62
